 Dungeon Crawl Stone Soup version 0.21-a0-258-g4c0eb85 (webtiles) character file.

12533 tof the Grappler (level 11, -6/99 HPs)
             Began as a Troll Fighter on Sept 6, 2017.
             Was a Priest of Ru.
             Mangled by a manticore (12 damage)
             ... on level 11 of the Dungeon.
             The game lasted 00:24:20 (9201 turns).

tof the Grappler (Troll Fighter)                    Turns: 9201, Time: 00:24:21

Health: -6/99      AC:  7    Str: 27    XL:     11   Next: 63%
Magic:  11/11      EV: 12    Int:  4    God:    Ru [***...]
Gold:   281        SH:  2    Dex:  9    Spells: 10/10 levels left

rFire    . . .     SeeInvis .     - Unarmed
rCold    . . .     Gourm    +   (shield unavailable)
rNeg     . . .     Faith    .   L - +0 troll leather armour
rPois    .         Spirit   .   (helmet restricted)
rElec    .         Reflect  +   (no cloak)
rCorr    .         Harm     .   (gloves unavailable)
MR       .....                  (boots unavailable)
Stlth    +.........             y - +2 amulet of reflection
HPRegen  1.46/turn              (ring unavailable)
MPRegen  0.12/turn              (no ring)

@: no status effects
A: unfitting armour, claws 3, fast metabolism 3, frail 1, gourmand, high mp 1,
regeneration 2, shaggy fur 1, tough skin 2, weak 1, no potion heal 1, missing a
hand
a: Draw Out Power, Renounce Religion


You were on level 11 of the Dungeon.
You worshipped Ru.
Ru was most pleased with you.
You were completely stuffed.

You visited 2 branches of the dungeon, and saw 12 of its levels.

You collected 490 gold pieces.
You spent 209 gold pieces at shops.

Inventory:

Armour
 i - a +0 robe of magic resistance
 L - a +0 troll leather armour (worn)
Jewellery
 y - a +2 amulet of reflection (around neck)
Wands
 k - a wand of paralysis (14/24)
 x - a wand of polymorph (15/24)
 A - a wand of scattershot (3/9)
 B - a wand of digging (10/24)
 H - a wand of iceblast (5/15)
 I - a wand of random effects (30/48)
Scrolls
 a - 4 scrolls of recharging
 b - a scroll of fog
 e - 4 scrolls of remove curse
 h - 2 scrolls of amnesia
 j - a scroll of silence {unknown}
 l - 2 scrolls of teleportation
 q - 4 scrolls of fear
 z - a scroll of random uselessness {unknown}
 C - a scroll of magic mapping {unknown}
 D - a scroll of holy word {unknown}
 G - a scroll of summoning {unknown}
Potions
 c - 4 potions of might
 g - 3 potions of mutation {unknown}
 m - 2 potions of cancellation {unknown}
 n - 2 potions of haste {unknown}
 o - 7 potions of heal wounds {unknown}
 p - 4 potions of resistance {unknown}
 r - a potion of invisibility {unknown}
 t - a potion of brilliance {unknown}
 w - a potion of magic {unknown}
 J - a potion of curing {unknown}
Books
 v - a book of Maledictions

   Spells                             Type                      Level
   a - Corona                         Hexes                        1
   b - Ensorcelled Hibernation        Hexes/Ice                    2
   c - Confuse                        Hexes                        3
   d - Tukima's Dance                 Hexes                        3
   e - Dazzling Spray                 Conjuration/Hexes            3
 F - a book of Minor Magic

   Spells                             Type                      Level
   a - Magic Dart                     Conjuration                  1
   b - Blink                          Translocation                2
   c - Call Imp                       Summoning                    2
   d - Slow                           Hexes                        2
   e - Conjure Flame                  Conjuration/Fire             3
   f - Mephitic Cloud                 Conjuration/Poison/Air       3
Miscellaneous
 E - a lightning rod (4/4)
Comestibles
 d - 5 bread rations
 f - 5 royal jellies
 s - 7 fruits
 u - 4 meat rations
 K - 13 chunks of flesh


   Skills:
 + Level 7.9 Fighting
 + Level 7.7 Dodging
   Level 0.0 Shields
 * Level 12.1 Unarmed Combat


You had 10 spell levels left.
You didn't know any spells.

Dungeon Overview and Level Annotations

Branches:
Dungeon (11/15)            Temple (1/1) D:7            Lair (0/6) D:9
    Orc (0/2) D:10

Altars:
Ashenzari
Cheibriados
Elyvilon
Hepliaklqana
Kikubaaqudgha
Makhleb
Okawaru
Qazlal
Ru
Sif Muna
Uskayaw
Wu Jian
Xom
Yredelemnul
Zin
The Shining One

Shops:
D:4 (   D:5 :(   D:6 (:   D:9 ?%*

Portals:
Trove: D:10 (give +2 shadow dragon scales)


Innate Abilities, Weirdness & Mutations

You are too large for most types of armour.
You have claws for hands.
Your metabolism is lightning-fast.
You like to eat raw meat.
You heal very quickly.
You are covered in fur. (AC +1)
You have very tough skin. (AC +2)
You are missing a hand.
You are frail. (-10% HP)
You have an increased reservoir of magic. (+10% MP)
You are weak. (Str -2)
Potions are less effective at restoring your health.


Message History

The manticore closely misses you. The manticore claws you.
The manticore claws you!
You barely miss the manticore.
The manticore is lightly wounded.
You closely miss the manticore.
The manticore is lightly wounded.
The manticore barely misses you. The manticore claws you.
The manticore barely misses you.
You claw the manticore!
The manticore is moderately wounded.
The manticore bites you! The manticore closely misses you.
The manticore barely misses you.
You scratch the manticore.
The manticore is heavily wounded.
The manticore bites you!!
* * * LOW HITPOINT WARNING * * *
The manticore claws you!
* * * LOW HITPOINT WARNING * * *
The manticore claws you!
You die...

###. #..##.( #..
.##...####.(#.# # ..
.........##(#.## .. ..
...........)(((( ... ##.
#........[..#((( .... ..
........^...#(##
(....#.###.#........#.##
#...H##.####..####.#
#@##.####..####.##
#................#
######.###.##.....
#...#.####...
###......#..<
#........## #......#รท#
#......#.## #.........#


You could see a manticore (blind).

Vanquished Creatures
  The ghost of tof the Grappler, a novice TrMo of Wu Jian (D:9)
  2 centaur warriors
  A two-headed ogre (D:9)
  The ghost of p0werm0de the Fighter, a novice DgWn (D:8)
  An unseen horror (D:11)
  Pikel (D:7)
  A troll (D:10)
  A hornet (D:10)
  2 hippogriffs
  Sigmund (D:2)
  A yak (D:9)
  A vampire (D:11)
  The ghost of p0werm0de the Covert, an amateur NaAs of Dithmenos (D:4)
  5 hungry ghosts
  A water moccasin (D:10)
  2 porcupines (D:9)
  Duvessa (D:7)
  4 sky beasts
  3 slaves (D:7)
  An ice beast (D:5)
  3 orc warriors
  A black bear (D:9)
  2 phantoms
  A necrophage (D:10)
  4 ogres
  16 centaurs
  9 bullfrogs
  A wyvern zombie (D:11)
  A gnoll sergeant (D:7)
  Dowan (D:7)
  4 scorpions
  10 killer bees
  3 wights (D:8)
  A howler monkey (D:6)
  4 crimson imps
  A quasit (D:8)
  A bullfrog zombie (D:7)
  6 hounds
  2 orc priests
  2 centaur skeletons
  A jelly (D:8)
  4 bullfrog skeletons
  3 iguanas
  7 orc wizards
  6 worker ants
  8 ogre zombies (D:10)
  3 hound zombies
  2 hound skeletons
  2 worker ant zombies
  A howler monkey zombie (D:10)
  5 gnolls
  10 adders
  2 shadow imps
  3 oozes
  A worm (D:2)
  A dart slug (D:3)
  2 leopard geckos
  39 orcs
  A ball python (D:2)
  2 giant cockroaches
  8 goblins
  6 hobgoblins
  15 jackals
  8 kobolds
  7 quokkas
  9 bats
  4 frilled lizards
  A goblin skeleton (D:10)
  A goblin zombie (D:10)
  A hobgoblin skeleton (D:10)
  A hobgoblin zombie (D:10)
  An orc skeleton (D:10)
  20 orc zombies (D:10)
  A quokka skeleton (D:9)
  A quokka zombie (D:8)
  6 rats
298 creatures vanquished.

Vanquished Creatures (others)
  An orc wizard (D:6)
1 creature vanquished.

Grand Total: 299 creatures vanquished

Notes
Turn   | Place    | Note
-------+----------+-------------------------------------------
     0 | D:1      | tof the Troll Fighter began the quest for the Orb.
     0 | D:1      | Reached XP level 1. HP: 22/22 MP: 0/0
    14 | D:1      | Reached XP level 2. HP: 29/29 MP: 1/1
   488 | D:1      | Reached XP level 3. HP: 36/36 MP: 2/2
   517 | D:1      | Found a snail-covered altar of Cheibriados.
   519 | D:1      | Found a blossoming altar of Fedhas.
   519 | D:1      | Found a basalt altar of Yredelemnul.
   521 | D:1      | Found a shimmering altar of Xom.
   521 | D:1      | Found a hide-covered altar of Uskayaw.
   521 | D:1      | Found a sacrificial altar of Ru.
   731 | D:2      | Reached skill level 3 in Unarmed Combat
   904 | D:2      | Noticed Sigmund
   919 | D:2      | Killed Sigmund
   919 | D:2      | Reached skill level 4 in Unarmed Combat
   919 | D:2      | Reached XP level 4. HP: 36/45 MP: 3/3
   919 | D:2      | Reached XP level 5. HP: 42/53 MP: 4/4
  1501 | D:3      | Noticed a phantom
  1534 | D:3      | Killed a phantom
  1534 | D:3      | Reached XP level 6. HP: 48/61 MP: 5/5
  1902 | D:4      | Found Vadoutel's Weapon Shoppe.
  1907 | D:4      | Noticed p0werm0de's ghost (amateur NaAs)
  1930 | D:4      | Killed p0werm0de's ghost
  1945 | D:4      | Reached skill level 5 in Unarmed Combat
  1945 | D:4      | Reached XP level 7. HP: 45/68 MP: 6/6
  2675 | D:5      | Entered Level 5 of the Dungeon
  2853 | D:5      | Reached skill level 6 in Unarmed Combat
  3046 | D:5      | Reached XP level 8. HP: 64/78 MP: 7/7
  3140 | D:5      | Found Ythytiaf's Book Boutique.
  3194 | D:5      | Found Gapsoz's Weapon Emporium.
  3363 | D:5      | Found an iron altar of Okawaru.
  3683 | D:6      | Found Qyakorch's Book Shoppe.
  3731 | D:6      | Found Isininot's Antique Weapon Emporium.
  3763 | D:6      | Reached skill level 7 in Unarmed Combat
  4071 | D:6      | Reached skill level 5 in Fighting
  4271 | D:6      | Reached XP level 9. HP: 88/88 MP: 8/8
  4352 | D:6      | Reached skill level 5 in Dodging
  4352 | D:6      | Reached skill level 5 in Shields
  4651 | D:7      | Reached skill level 8 in Unarmed Combat
  4740 | D:7      | Noticed Duvessa
  4740 | D:7      | Noticed Dowan
  4756 | D:7      | Killed Duvessa
  4765 | D:7      | Killed Dowan
  5334 | D:7      | Gained mutation: Potions are less effective at restoring your health. [mutagenic meat]
  5335 | D:7      | Gained mutation: You are weak. (Str -2) [mutagenic meat]
  5336 | D:7      | Gained mutation: You have an increased reservoir of magic. (+10% MP) [mutagenic meat]
  5356 | D:7      | Noticed Pikel
  5395 | D:7      | Killed Pikel
  5395 | D:7      | Reached skill level 9 in Unarmed Combat
  5480 | D:7      | Reached XP level 10. HP: 98/98 MP: 10/10
  5503 | D:7      | Found a staircase to the Ecumenical Temple.
  5522 | Temple   | Entered the Ecumenical Temple
  5574 | Temple   | Became a worshipper of Ru the Awakened
  6184 | D:8      | Found a basalt altar of Yredelemnul.
  6209 | D:8      | Noticed p0werm0de's ghost (novice DgWn)
  6226 | D:8      | Killed p0werm0de's ghost
  6538 | D:9      | Noticed tof's ghost (novice TrMo)
  6751 | D:9      | Killed tof's ghost
  6751 | D:9      | Reached skill level 10 in Unarmed Combat
  6975 | D:9      | Gained mutation: You are missing a hand. [Ru sacrifice]
  6975 | D:9      | Reached * piety under Ru
  6975 | D:9      | Reached ** piety under Ru
  6975 | D:9      | Reached *** piety under Ru
  7039 | D:9      | Found a staircase to the Lair.
  7180 | D:9      | Noticed a two-headed ogre
  7186 | D:9      | Killed a two-headed ogre
  7295 | D:9      | Found Caoddola's Magic Scroll Shop.
  7386 | D:9      | Found Gijudaff's Food Shop.
  7394 | D:9      | Bought a scroll of immolation for 52 gold pieces
  7394 | D:9      | Bought a scroll of vulnerability for 112 gold pieces
  7394 | D:9      | Bought a scroll of teleportation for 45 gold pieces
  7518 | D:9      | Found Darrones's Assorted Antiques.
  7579 | D:10     | Entered Level 10 of the Dungeon
  7663 | D:10     | Reached XP level 11. HP: 109/109 MP: 11/11
  7686 | D:10     | Reached skill level 11 in Unarmed Combat
  7750 | D:10     | Found a staircase to the Orcish Mines.
  8290 | D:10     | Gained mutation: You have large cloven feet. [mutagenic meat]
  8291 | D:10     | Gained mutation: You are frail. (-10% HP) [mutagenic meat]
  8293 | D:10     | Lost mutation: You have large cloven feet. [mutagenic meat]
  8294 | D:10     | Gained mutation: You heal very quickly. [mutagenic meat]
  8309 | D:10     | Found a shimmering altar of Xom.
  8569 | D:10     | Noticed a centaur warrior
  8574 | D:10     | Killed a centaur warrior
  8621 | D:10     | Found a portal to a secret trove of treasure.
  8903 | D:11     | Noticed an unseen horror
  8908 | D:11     | Killed an unseen horror
  8983 | D:11     | Noticed a centaur warrior
  8989 | D:11     | Killed a centaur warrior
  8989 | D:11     | Reached skill level 12 in Unarmed Combat
  9201 | D:11     | Mangled by a manticore

Vault maps used:
D:1:      ncdulo_wetmaze, grunt_decor_cap, doesnt_xom_only_xom
D:2:      kennysheep_generic_room_11, uniq_sigmund
D:3:      serial_glass, glass_columns_a, glass_columns_b
D:4:      first_bread, serial_shops, nicolae_shop_statue_plus
D:5:      serial_shops, nicolae_shop_trees, shop, okawaru_altar_gauntlet_db
D:6:      portal_sewer_entry_e, serial_shops, shop_fountains,
          kennysheep_mini_moat
D:7:      minmay_temple_entry_glassed_door, uniq_duvessa, uniq_pikel
D:8:      yredelemnul_altar_generic
D:9:      grunt_lair_entry_orc_guard_hut, serial_shops, shop, shop,
          nicolae_shop_trees
D:10:     zombieorc2_lemuel, nicolae_trove_entry_diagonal, basic_altar
Temple:   compressed_dpeg_circular_temple

Skill      XL: |  1  2  3  4  5  6  7  8  9 10 11 |
---------------+----------------------------------+-----
Unarmed Combat | 4 5 6 7 9 10 12 | 12.1
Fighting       | 3 4 5 6 7 |  7.9
Dodging        | 3 4 5 6 7 |  7.7
Shields        | 3 4 5 0 |  0.0

Action                   |  1- 3 |  4- 6 |  7- 9 | 10-12 || total
-------------------------+-------+-------+-------+-------++-------
Melee: Unarmed           |   104 |    82 |   396 |   435 ||  1017
Invok: Sacrifice a Hand  |       |       |       |     1 ||     1
  Use: Scroll            |       |     4 |     1 |     2 ||     7
 Stab: Sleeping          |     1 |     8 |     6 |       ||    15
       Invisible         |       |       |       |     1 ||     1
  Eat: Chunk             |    14 |     9 |    35 |    47 ||   105
       Fruit             |       |       |     1 |       ||     1
       Bread ration      |       |       |       |     2 ||     2
       Meat ration       |       |       |       |     1 ||     1
Armor: Robe              |    36 |    23 |    73 |    42 ||   174
       Troll leather arm |       |       |       |    34 ||    34
Dodge: Dodged            |    39 |    13 |   148 |   194 ||   394
Block: Shield            |    49 |    40 |   188 |    63 ||   340
       Reflection        |       |       |       |     9 ||     9
       Other             |       |       |       |    25 ||    25

Table legend:
 A = Spawn XP
 B = Non-spawn XP
 C = Spawn XP percentage of total XP
 D = Spawn monster count
 E = Non-spawn monster count
 F = Spawn count percentage of total count
 G = Total turns spent on level
                    A         B        C        D         E        F      G
               +---------+---------+-------+---------+---------+-------+---------
         Total |       0 |   17905 |   0.0 |       0 |     296 |   0.0 |  9201
               +---------+---------+-------+---------+---------+-------+---------
           D:1 |       0 |      46 |   0.0 |       0 |      17 |   0.0 |   674
           D:2 |       0 |     285 |   0.0 |       0 |      21 |   0.0 |   578
           D:3 |       0 |     186 |   0.0 |       0 |      23 |   0.0 |   650
           D:4 |       0 |     523 |   0.0 |       0 |       8 |   0.0 |   773
           D:5 |       0 |     688 |   0.0 |       0 |      24 |   0.0 |   947
           D:6 |       0 |    1243 |   0.0 |       0 |      34 |   0.0 |   886
           D:7 |       0 |    2631 |   0.0 |       0 |      41 |   0.0 |  1258
           D:8 |       0 |    1590 |   0.0 |       0 |      17 |   0.0 |   999
           D:9 |       0 |    3313 |   0.0 |       0 |      19 |   0.0 |   749
          D:10 |       0 |    4950 |   0.0 |       0 |      74 |   0.0 |  1415
          D:11 |       0 |    2450 |   0.0 |       0 |      18 |   0.0 |   207
               +---------+---------+-------+---------+---------+-------+---------
